AoeStats
← Michi3052

MegaRandom

504254451Analyzed
1v1 RM · 29d ago on Sep 4, 2026· 31m 47s· 2 players
Game mode
Random Map
Map size
Tiny (2 player)
Population
200
Speed
Normal
Resources
Standard
Victory
Conquest
Starting age
Dark Age
Ending age
Imperial Age
RankedLock teamsTeams togetherTeam positionsShared explorationLock speedFull tech treeHidden civsTurbo modeCheats
Victory
Defeat
🇮🇹 Gurjaras · Italy
729
+14
🇪🇸 Turks · Spain
692
-14
Michi3052
8:50 Loom
11:08 Feudal Age
13:22 Bloodlines
22:23 Castle Age
21:59 Horse Collar
22:14 Gold Mining
25:36 Wheelbarrow
29:16 Imperial Age
26:46 Double-Bit Axe
31:16 Padded Archer Armor
31:07 Fletching
Gamesauro1
0:40 Loom
11:52 Feudal Age
13:27 Wheelbarrow
12:38 Town Watch
12:36 Horse Collar
12:43 Man-at-Arms
14:44 Arson
21:22 Double-Bit Axe
24:27 Castle Age
24:51 Gold Mining
24:54 Stone Mining
24:49 Long Swordsman
26:10 Gold Shaft Mining
26:44 Stone Shaft Mining
26:57 Scale Barding Armor
28:44 Heavy Plow
30:49 Husbandry
30:11 Light Cavalry
Connection lost

Rejoining the realm…

Still unreachable

The connection could not be restored.

Session expired

The server has moved on; the page needs a fresh start.